General information
- name: BNet
- type: Ladder team game (AT/RT)
- host: Battle.net
- saver: SERIOUSCRAFT
map: GolemsInTheMist
- players: 8
- length: 23:49
- speed: Fast
- version: 1.24 W3XP
- replay type: Public
» download(142 KB)
Players
team 1 (winner)
ShaManKing (
blue | 71 APM | 1680 actions | 23:48)
5 Blademaster
3 Wind Walk
1 Critical Strike
1 Bladestorm
» actions
| Assign group hotkey | 16 | |
| Basic commands | 114 | |
| Build / train | 103 | |
| Enter build submenu | 34 | |
| Enter hero's abilities submenu | 5 | |
| Remove unit from queue | 2 | |
| Right click | 763 | |
| Select / deselect | 546 | |
| Select group hotkey | 48 | |
| Use ability | 47 | |
1680 total
» units
| Peon | 21 | |
| Grunt | 11 | |
| Troll Headhunter/Berserker | 24 | |
| Troll Witch Doctor | 8 | |
| Wind Rider | 3 | |
67 total
» upgrades
| Spiked Barricades | 1 | |
| Armor | 3 | |
| Melee Weapons | 1 | |
| Berserker Strength | 1 | |
| Witch Doctor Training | 2 | |
| Troll Regeneration | 1 | |
| Ranged Weapons | 2 | |
| Berserker Upgrade | 1 | |
| Shaman Training | 2 | |
14 total
» buildings
| Altar of Storms | 1 | |
| Orc Burrow | 6 | |
| War Mill | 2 | |
| Barracks | 4 | |
| Watch Tower | 10 | |
| Stronghold | 2 | |
| Fortress | 1 | |
| Spirit Lodge | 3 | |
| Great Hall | 1 | |
30 total
» build order
00:07 Altar of Storms
00:14 Orc Burrow
00:51 War Mill
01:23 Orc Burrow
01:48 Barracks
02:14 Watch Tower
03:05 Watch Tower
03:44 Stronghold
03:44 Stronghold
04:20 Watch Tower
04:58 Orc Burrow
06:14 Watch Tower
07:01 Orc Burrow
07:10 Fortress
07:15 Spirit Lodge
07:18 Watch Tower
08:12 Barracks
08:23 Watch Tower
08:43 Watch Tower
09:28 Orc Burrow
09:56 Watch Tower
11:08 War Mill
11:24 Watch Tower
12:54 Watch Tower
13:39 Orc Burrow
18:07 Great Hall
19:10 Barracks
20:23 Spirit Lodge
20:34 Barracks
21:05 Spirit Lodge
SERIOUSCRAFT (
purple | 81 APM | 1921 actions | 23:49)
5 Mountain King
3 Storm Bolt
2 Bash
6 Paladin
3 Holy Light
2 Divine Shield
1 Resurrection
4 Blademaster
3 Wind Walk
1 Bladestorm
» actions
| Assign group hotkey | 36 | |
| Build / train | 74 | |
| Enter build submenu | 24 | |
| Enter hero's abilities submenu | 16 | |
| Remove unit from queue | 9 | |
| Right click | 908 | |
| Select / deselect | 332 | |
| Select group hotkey | 439 | |
| Use ability | 83 | |
1921 total
» units
| Peasant | 10 | |
| Footman | 6 | |
| Grunt | 4 | |
| Dragonhawk Rider | 8 | |
| Wind Rider | 5 | |
| Gryphon Rider | 2 | |
35 total
» upgrades
| Swords | 3 | |
| Lumber Harvesting | 1 | |
| Defend | 1 | |
| Masonry | 1 | |
| Ranged Weapons | 2 | |
| Armor | 3 | |
| Cloud | 1 | |
| Envenomed Spears | 1 | |
| Animal War Training | 1 | |
| Storm Hammers | 1 | |
15 total
» buildings
| Altar of Kings | 1 | |
| Farm | 10 | |
| Barracks | 1 | |
| Scout Tower | 2 | |
| Arcane Tower | 1 | |
| Keep | 1 | |
| Lumber Mill | 2 | |
| Blacksmith | 1 | |
| Castle | 1 | |
| Guard Tower | 1 | |
| Gryphon Aviary | 2 | |
| Orc Burrow | 6 | |
| Stronghold | 1 | |
| Arcane Vault | 1 | |
| Beastiary | 2 | |
| Fortress | 1 | |
34 total
» build order
00:10 Altar of Kings
00:23 Farm
00:59 Barracks
01:11 Scout Tower
01:24 Farm
01:47 Arcane Tower
01:59 Scout Tower
03:30 Keep
03:40 Farm
03:41 Farm
04:02 Lumber Mill
04:11 Lumber Mill
04:44 Blacksmith
06:47 Castle
06:48 Guard Tower
07:02 Gryphon Aviary
07:07 Gryphon Aviary
07:23 Orc Burrow
07:24 Orc Burrow
07:36 Stronghold
08:59 Farm
09:00 Farm
09:01 Farm
09:13 Arcane Vault
11:09 Beastiary
11:13 Beastiary
11:21 Fortress
11:27 Orc Burrow
11:28 Orc Burrow
12:36 Farm
12:37 Farm
13:38 Orc Burrow
20:08 Farm
20:49 Orc Burrow

»
OUTLAW-WILLY (
red | 25 APM | 597 actions | 23:48)
4 Shadow Hunter
2 Serpent Ward
2 Healing Wave
3 Blademaster
2 Critical Strike
1 Wind Walk
» actions
| Build / train | 64 | |
| Enter build submenu | 12 | |
| Enter hero's abilities submenu | 7 | |
| Remove unit from queue | 2 | |
| Right click | 291 | |
| Select / deselect | 170 | |
| Use ability | 51 | |
597 total
» units
| Peon | 7 | |
| Grunt | 6 | |
| Raider | 26 | |
| Wind Rider | 2 | |
41 total
» upgrades
| Pillage | 1 | |
| Ensnare | 1 | |
| Armor | 1 | |
| Berserker Strength | 1 | |
4 total
» buildings
| Orc Burrow | 4 | |
| Altar of Storms | 1 | |
| Barracks | 1 | |
| Stronghold | 1 | |
| War Mill | 1 | |
| Voodoo Lounge | 1 | |
| Beastiary | 2 | |
11 total
» build order
00:11 Orc Burrow
00:15 Altar of Storms
00:27 Barracks
02:11 Orc Burrow
02:41 Stronghold
03:11 War Mill
03:20 Orc Burrow
04:21 Voodoo Lounge
05:27 Beastiary
05:32 Beastiary
06:49 Orc Burrow
» items
| Scroll of Town Portal | 2 | |
| Scroll of Speed | 2 | |
| Potion of Mana | 2 | |
| Lesser Clarity Potion | 2 | |
8 total
tacoman1 (
orange | 20 APM | 104 actions | 05:10)
1 Shadow Hunter
1 Serpent Ward
» actions
| Build / train | 16 | |
| Enter build submenu | 11 | |
| Enter hero's abilities submenu | 1 | |
| Right click | 19 | |
| Select / deselect | 42 | |
| Use ability | 15 | |
104 total
» units
| Peon | 11 | |
| Troll Headhunter/Berserker | 3 | |
14 total
» buildings
| Altar of Storms | 1 | |
| Orc Burrow | 2 | |
| Barracks | 2 | |
| War Mill | 1 | |
| Watch Tower | 2 | |
8 total
» build order
00:07 Altar of Storms
00:11 Orc Burrow
00:52 Barracks
02:19 Barracks
02:24 War Mill
04:37 Orc Burrow
04:41 Watch Tower
04:46 Watch Tower
team 2 (loser)
Free_Willi (
yellow | 40 APM | 916 actions | 23:03)
4 Paladin
1 Divine Shield
1 Holy Light
2 Devotion Aura
3 Mountain King
1 Storm Bolt
2 Bash
» actions
| Assign group hotkey | 7 | |
| Build / train | 63 | |
| Enter build submenu | 32 | |
| Enter hero's abilities submenu | 8 | |
| Remove unit from queue | 4 | |
| Right click | 391 | |
| Select / deselect | 313 | |
| Select group hotkey | 34 | |
| Use ability | 64 | |
916 total
» units
| Peasant | 11 | |
| Footman | 2 | |
| Rifleman | 5 | |
| Goblin Shredder | 1 | |
| Mortar Team | 7 | |
| Siege Engine | 5 | |
31 total
» upgrades
» buildings
| Farm | 16 | |
| Altar of Kings | 2 | |
| Barracks | 1 | |
| Blacksmith | 2 | |
| Arcane Vault | 1 | |
| Scout Tower | 2 | |
| Keep | 1 | |
| Arcane Tower | 1 | |
| Lumber Mill | 1 | |
| Workshop | 2 | |
| Guard Tower | 2 | |
| Town Hall | 1 | |
| Castle | 1 | |
33 total
» build order
00:42 Farm
00:48 Altar of Kings
01:24 Barracks
01:55 Farm
03:03 Blacksmith
03:53 Blacksmith
04:48 Farm
04:52 Arcane Vault
04:55 Farm
05:29 Scout Tower
05:46 Keep
05:50 Farm
06:38 Farm
06:42 Arcane Tower
06:53 Lumber Mill
09:17 Workshop
09:22 Workshop
10:21 Guard Tower
10:26 Guard Tower
10:55 Farm
10:58 Farm
11:14 Farm
11:47 Farm
11:53 Farm
11:57 Farm
12:00 Farm
12:43 Farm
12:45 Farm
13:37 Farm
15:48 Town Hall
16:48 Castle
17:14 Scout Tower
18:30 Altar of Kings
» items
| Potion of Healing | 3 | |
| Ivory Tower | 4 | |
| Scroll of Regeneration | 1 | |
| Scroll of Town Portal | 1 | |
9 total
QqwertyQ (
pink | 73 APM | 1671 actions | 22:58)
5 Warden
3 Shadow Strike
2 Blink
5 Keeper of the Grove
3 Entangling Roots
2 Thorns Aura
» actions
| Assign group hotkey | 37 | |
| Basic commands | 55 | |
| Build / train | 82 | |
| Enter build submenu | 24 | |
| Enter hero's abilities submenu | 10 | |
| Give item / drop item | 1 | |
| Remove unit from queue | 6 | |
| Right click | 581 | |
| Select / deselect | 421 | |
| Select group hotkey | 360 | |
| Use ability | 94 | |
1671 total
» units
| Wisp | 13 | |
| Huntress | 7 | |
| Druid of the Claw | 4 | |
| Dryad | 11 | |
35 total
» upgrades
| Druid of the Claw Training | 2 | |
| Abolish Magic | 1 | |
| Strength of the Wild | 2 | |
| Reinforced Hides | 3 | |
| Mark of the Claw | 1 | |
9 total
» buildings
| Altar of Elders | 1 | |
| Moon Well | 8 | |
| Hunter's Hall | 1 | |
| Ancient of War | 1 | |
| Tree of Ages | 5 | |
| Ancient of Wonders | 1 | |
| Ancient Protector | 3 | |
| Ancient of Lore | 2 | |
| Tree of Eternity | 2 | |
| Ancient of Wind | 1 | |
25 total
» build order
00:08 Altar of Elders
00:19 Moon Well
01:22 Hunter's Hall
01:41 Moon Well
01:47 Ancient of War
02:05 Moon Well
03:31 Moon Well
03:37 Tree of Ages
03:38 Tree of Ages
03:38 Tree of Ages
03:38 Tree of Ages
03:51 Ancient of Wonders
04:31 Ancient Protector
06:03 Ancient of Lore
06:08 Ancient of Lore
06:16 Moon Well
09:22 Moon Well
09:30 Tree of Eternity
09:31 Tree of Eternity
09:39 Moon Well
17:49 Moon Well
18:10 Ancient Protector
18:15 Ancient Protector
20:07 Ancient of Wind
» items
| Potion of Healing | 4 | |
| Scroll of Town Portal | 1 | |
| Orb of Venom | 1 | |
6 total
blademaster890 (
green | 20 APM | 466 actions | 23:47)
4 Blademaster
1 Wind Walk
2 Mirror Image
1 Critical Strike
» actions
| Assign group hotkey | 2 | |
| Basic commands | 3 | |
| Build / train | 66 | |
| Enter build submenu | 13 | |
| Enter hero's abilities submenu | 4 | |
| Give item / drop item | 2 | |
| Remove unit from queue | 5 | |
| Right click | 162 | |
| Select / deselect | 171 | |
| Select group hotkey | 3 | |
| Use ability | 35 | |
466 total
» units
| Peon | 9 | |
| Troll Headhunter/Berserker | 4 | |
| Raider | 7 | |
| Shaman | 8 | |
| Wind Rider | 4 | |
| Mortar Team | 3 | |
| Dryad | 4 | |
39 total
» upgrades
| Spiked Barricades | 1 | |
| Shaman Training | 2 | |
| Armor | 2 | |
| Ranged Weapons | 1 | |
| Envenomed Spears | 2 | |
| Berserker Upgrade | 1 | |
| Melee Weapons | 1 | |
10 total
» buildings
| Orc Burrow | 4 | |
| Altar of Storms | 1 | |
| Barracks | 1 | |
| Stronghold | 1 | |
| War Mill | 1 | |
| Beastiary | 2 | |
| Watch Tower | 2 | |
| Spirit Lodge | 1 | |
| Fortress | 1 | |
| Voodoo Lounge | 1 | |
15 total
» build order
00:10 Orc Burrow
00:14 Altar of Storms
00:19 Barracks
03:47 Stronghold
04:40 War Mill
06:35 Beastiary
06:44 Watch Tower
06:49 Watch Tower
07:34 Spirit Lodge
07:35 Fortress
07:44 Orc Burrow
08:30 Voodoo Lounge
10:35 Orc Burrow
10:48 Beastiary
19:44 Orc Burrow
» items
| Scroll of Town Portal | 3 | |
| Orb of Lightning | 1 | |
| Potion of Healing | 1 | |
5 total

»
jonathan_bucs (
teal | 34 APM | 621 actions | 18:24)
2 Keeper of the Grove
1 Force of Nature
1 Thorns Aura
» actions
| Build / train | 46 | |
| Enter build submenu | 22 | |
| Enter hero's abilities submenu | 2 | |
| Remove unit from queue | 9 | |
| Right click | 298 | |
| Select / deselect | 216 | |
| Use ability | 28 | |
621 total
» units
| Wisp | 14 | |
| Hippogryph | 6 | |
| Chimaera | 9 | |
29 total
» upgrades
| Strength of the Wild | 1 | |
| Corrosive Breath | 1 | |
| Reinforced Hides | 1 | |
3 total
» buildings
| Moon Well | 7 | |
| Altar of Elders | 1 | |
| Tree of Ages | 1 | |
| Hunter's Hall | 1 | |
| Ancient of Wind | 1 | |
| Tree of Eternity | 1 | |
| Chimaera Roost | 5 | |
17 total
» build order
00:08 Moon Well
00:12 Altar of Elders
01:36 Tree of Ages
02:45 Moon Well
03:35 Hunter's Hall
03:59 Ancient of Wind
05:12 Tree of Eternity
06:00 Moon Well
06:59 Moon Well
07:36 Chimaera Roost
07:43 Chimaera Roost
07:55 Moon Well
08:50 Moon Well
11:06 Chimaera Roost
11:16 Chimaera Roost
11:28 Chimaera Roost
12:56 Moon Well
Chat log
(00:31 / Allies) SERIOUSCRAFT: foots gryphs
(00:40 / Allies) tacoman1: bezerks hea
(03:05 / Allies) SERIOUSCRAFT: omw
(05:36 / Allies) ShaManKing: wow hes a fuckin orc and cant defend himself
(06:01 / Allies) SERIOUSCRAFT: tp
(07:31 / Allies) SERIOUSCRAFT: oj will get shams
(09:13 / Allies) OUTLAW-WILLY: go
(09:27 / Allies) SERIOUSCRAFT: hit and run
(10:32 / Allies) SERIOUSCRAFT: b
(13:06 / Allies) OUTLAW-WILLY: go
(13:08 / Allies) OUTLAW-WILLY: agin
(16:19 / Allies) ShaManKing: tp me
(18:27 / All) SERIOUSCRAFT: gg
(20:17 / Allies) SERIOUSCRAFT: ty
(22:14 / All) SERIOUSCRAFT: gg
(22:20 / All) ShaManKing: gg